 Dungeon Crawl Stone Soup version 0.30-a0-1074-g5db6f66fbb (webtiles) character file.

Game seed: 6977965016468636100

58169 LustLizard the Geomancer (level 14, 0/84 HPs)
             Began as a Deep Elf Air Elementalist on Apr 13, 2023.
             Was a High Priest of Vehumet.
             Slain by a death yak (17 damage)
             ... on level 5 of the Lair of Beasts.
             The game lasted 01:19:06 (34387 turns).

LustLizard the Geomancer (DEAE)                    Turns: 34387, Time: 01:19:06

Health: 0/84       AC: 11    Str:  9    XL:     14   Next: 48%
Magic:  2/39       EV: 22    Int: 22    God:    Vehumet [*****.]
Gold:   1066       SH:  8    Dex: 17    Spells: 7/34 levels left

rFire   . . .      SeeInvis +    l - +2 short sword (speed)
rCold   + . .      Faith    .    V - +2 buckler
rNeg    . . .      Spirit   .    n - +3 leather armour of Supple Strength {rElec rC+ Will+ Dex+2}
rPois   .          Reflect  .    U - +0 mask of the Dragon {Will+ Slay+3 SInv}
rElec   +          Rampage  +    t - +1 cloak of Failure {Rampage rElec Will+}
rCorr   .                        b - +2 pair of gloves
Will    ++++.                    (no boots)
Stlth   +++                      (no amulet)
HPRegen 0.34/turn                p - ring of magical power
MPRegen 0.26/turn                H - +5 ring of evasion

@: about to teleport
A: no striking features
a: Renounce Religion


You were on level 5 of the Lair of Beasts.
You worshipped Vehumet.
Vehumet was extremely pleased with you.
You visited 3 branches of the dungeon, and saw 18 of its levels.

You collected 1066 gold pieces.

Inventory:

Hand Weapons
 l - a +2 short sword of speed (weapon)
Missiles
 e - a throwing net
Armour
 b - a +2 pair of gloves (worn)
 n - the +3 leather armour of Supple Strength (worn) {rElec rC+ Will+ Dex+2}
   (You found it on level 2 of the Dungeon)

   Dex:       It affects your dexterity (+2).
   rC:        It protects you from cold.
   rElec:     It insulates you from electricity.
   Will:      It increases your willpower.
 t - the +1 cloak of Failure (worn) {Rampage rElec Will+}
   (You found it on level 4 of the Dungeon)

   rElec:     It insulates you from electricity.
   Rampage:   It bestows one free step when moving towards enemies.
   Will:      It increases your willpower.
 v - a +2 hat
 A - a +2 leather armour of poison resistance
 U - the +0 mask of the Dragon (worn) {Will+ Slay+3 SInv}
   (You found it on level 1 of the Lair of Beasts)

   Slay:      It affects your accuracy & damage with ranged weapons and melee
   (+3).
   SInv:      It lets you see invisible.
   Will:      It increases your willpower.
 V - a +2 buckler (worn)
Jewellery
 p - a ring of magical power (left hand)
 q - a ring of positive energy
 w - a ring of protection from cold
 C - a ring of flight
 F - an amulet of faith
 H - a +5 ring of evasion (right hand)
 J - a ring of protection from fire
Wands
 a - a wand of polymorph (15)
 m - a wand of mindburst (12)
 y - a wand of iceblast (36)
 B - a wand of flame (19)
 E - a wand of acid (21)
Scrolls
 c - 3 scrolls of magic mapping
 d - 3 scrolls of enchant armour
 f - a scroll of brand weapon {unknown}
 i - 5 scrolls of teleportation
 j - a scroll of immolation
 u - 4 scrolls of enchant weapon
 D - a scroll of blinking
 G - a scroll of acquirement {unknown}
 L - a scroll of fear {unknown}
 N - 2 scrolls of noise {unknown}
 Q - a scroll of amnesia {unknown}
 S - a scroll of silence {unknown}
 T - a scroll of fog {unknown}
Potions
 g - 8 potions of curing
 h - 2 potions of heal wounds
 k - 4 potions of brilliance
 o - 5 potions of cancellation
 r - a potion of resistance
 s - 3 potions of might
 z - 2 potions of mutation
 I - a potion of invisibility {unknown}
 K - a potion of ambrosia {unknown}
 R - a potion of degeneration {unknown}
Miscellaneous
 M - a box of beasts
 O - a lightning rod (4/4)


   Skills:
 + Level 8.6 Fighting
 + Level 11.1 Dodging
 - Level 6.0 Stealth
 - Level 6.0 Shields
 + Level 10.5 Spellcasting
 - Level 10.5 Conjurations
 - Level 5.8 Hexes
 * Level 3.9 Transmutations
 - Level 4.0 Fire Magic
 - Level 2.2 Ice Magic
 - Level 8.2 Air Magic
 * Level 11.7 Earth Magic
 - Level 8.0 Evocations


You had 7 spell levels left.
You knew the following spells:

 Your Spells              Type           Power      Damage    Failure   Level
a - Shock                 Conj/Air       100%       1d9       1%          1
b - Static Discharge      Conj/Air       100%       2-7/arc   1%          2
c - Swiftness             Air            47%        N/A       1%          3
d - Freeze                Ice            84%        1d9       1%          1
e - Airstrike             Air            23%        2d(4-20)  1%          4
f - Inner Flame           Hex/Fire       33%        N/A       1%          3
g - Lee's Rapid Deconstr  Erth           29%        3d15*     1%          5
h - Tukima's Dance        Hex            37%        N/A       2%          3
i - Irradiate             Conj/Tmut      21%        3d18      4%          5

Your spell library contained the following spells:

 Spells                   Type           Power      Damage    Failure   Level
 Flame Wave               Conj/Fire      43%        2d11      1%          4
 Hailstorm                Conj/Ice       39%        3d9       1%          3
 Ensorcelled Hibernation  Hex/Ice        58%        N/A       3%          2
 Frozen Ramparts          Ice            42%        1d7       3%          3
 Petrify                  Tmut/Erth      45%        N/A       4%          4
 Apportation              Tloc           22%        N/A       11%         1
 Yara's Violent Unravell  Hex/Tmut       16%        3d8       11%         5
 Ozocubu's Armour         Ice            21%        N/A       12%         3
 Spider Form              Tmut/Pois      20%        N/A       14%         3
 Sublimation of Blood     Necr           11%        N/A       16%         2
 Anguish                  Hex/Necr       12%        N/A       30%         4
 Metabolic Englaciation   Hex/Ice        14%        N/A       47%         5
 Passage of Golubria      Tloc           11%        N/A       71%         4
 Alistair's Intoxication  Tmut/Pois      13%        N/A       78%         5
 Simulacrum               Ice/Necr       8%         N/A       100%        6


Dungeon Overview and Level Annotations

Branches:
Dungeon (12/15)            Temple (1/1) D:4            Lair (5/5) D:9
 Shoals (0/4) Lair:3       Spider (0/4) Lair:3        Slime (0/5) Lair:5
    Orc (0/2) D:11

Altars:
Ashenzari
Cheibriados
Dithmenos
Elyvilon
Fedhas
Gozag
Hepliaklqana
Kikubaaqudgha
Makhleb
Nemelex Xobeh
Okawaru
Qazlal
Ru
Sif Muna
Trog
Uskayaw
Vehumet
Wu Jian
Xom
Yredelemnul
Zin
The Shining One

Shops:
D:2 (   D:4 *   D:11 [

Annotations:
D:8 3 runed translucent doors, dufus's ghost, novice BaMo
D:10 4 transporters


Message History

The elephant misses you.
The air twists around and strikes the elephant!
You kill the elephant!
Vehumet accepts your kill.
You feel your power returning.
You can't see any susceptible monsters within range! (Use Z to cast anyway.)
A death yak is nearby!
The air twists around and strikes the death yak!!
The death yak bellows!
The death yak is moderately wounded.
The air twists around and strikes the death yak.
The death yak is moderately wounded.
You hear a bellow!
The air twists around and strikes the death yak!
The death yak is heavily wounded.
You hear a bellow!
The air twists around and strikes the death yak.
The death yak is heavily wounded.
The air twists around and strikes the death yak!!
The death yak is severely wounded.
The air twists around and strikes the death yak.
The death yak is severely wounded.
The death yak gores you!!
The air twists around and strikes the death yak!
The death yak is almost dead.
The death yak gores you.
The air twists around and strikes the death yak.
The death yak is almost dead.
The death yak gores you!!
You are too injured to fight recklessly!
You block the death yak's attack.
You see here an elephant corpse.
The death yak attacks as you move away!
The death yak gores you but does no damage.
The death yak attacks as you move away! The death yak completely misses you.
The death yak attacks as you move away! The death yak gores you!!
* * * LOW HITPOINT WARNING * * *
As you read the scroll of teleportation, it crumbles to dust.
You feel strangely unstable. The death yak gores you!
You die...

#....##...#...<......P..##...#.#.
##......................#.....#..
##...............................
#................................
#................................
#...P#.#.#.#.................#.##
.....#..#####........###......###
#.........##.....#########....#..
.#..............@# #.#.##........
##..#.......#...Y###.....#.......
#.........##.......P††..#.....#..
....##.....#........YY...#...####
........#..#..................##.
##.P.P..#.##.....###...#.#....##.
#....#...........####.###........
.#................###.#..........
##...............................


You could see a death yak.

Vanquished Creatures
  Rupert (Lair:5)
  Snorg (Lair:5)
  2 hydras (Lair:5)
  A catoblepas (Lair:5)
  Erica (Lair:2)
  2 two-headed ogres
  5 death yaks (Lair:5)
  3 skysharks
  Sonja (D:12)
  A deep elf pyromancer (D:12)
  A necromancer (Lair:5)
  2 ugly things
  A merfolk siren (Lair:3)
  A cyclops (D:12)
  4 manticores
  14 elephants
  4 black mambas
  A torpor snail (Lair:3)
  2 gargoyles (D:12)
  Joseph (D:8)
  12 cane toads
  4 orange demons (D:12)
  An unseen horror (D:11)
  7 komodo dragons
  4 trolls
  A hornet (D:7)
  A polar bear (Lair:4)
  47 blink frogs
  8 dream sheep
  5 slime creatures (D:12)
  2 jumping spiders (Lair:3)
  3 wyverns
  31 yaks
  2 wraiths
  2 shadows
  3 vampires
  3 basilisks
  3 vampire mosquitoes (D:11)
  A steam dragon (D:7)
  Edmund (D:4)
  2 acid dragons
  10 water moccasins
  Duvessa (D:5)
  An ice beast (D:8)
  2 sky beasts
  3 black bears
  An orc warrior (D:7)
  23 wolves
  4 ogres
  4 centaurs
  3 phantoms
  4 kobold brigands
  Blork the orc (D:5)
  12 bullfrogs
  4 gnoll sergeants
  5 scorpions
  10 wights (D:7)
  Dowan (D:5)
  32 killer bees (D:8)
  8 howler monkeys
  An electric eel (Lair:2)
  6 jellies
  7 hounds
  5 orc priests
  Ijyb (D:3)
  A sleepcap (D:6)
  Terence (D:3)
  7 hell rats (Lair:4)
  6 iguanas
  9 orc wizards
  2 polar bear simulacra (Lair:5)
  Natasha (thrice) (D:4)
  3 yak simulacra (Lair:5)
  2 wolf simulacra (Lair:5)
  The ghost of JKime the Poker, a weakling GrGl of Elyvilon (D:5)
  12 adders
  18 gnolls
  A shadow imp (D:6)
  2 white imps
  An ufetubus (D:4)
  2 worms
  30 orcs
  8 endoplasms
  A giant cockroach (D:3)
  6 goblins
  8 hobgoblins
  6 jackals
  2 quokkas
  5 ball pythons
  4 bats
  3 frilled lizards
  24 kobolds
  3 rats
  4 river rat simulacra (Lair:5)
516 creatures vanquished.

Vanquished Creatures (collateral kills)
  An unseen horror (D:11)
1 creature vanquished.

Vanquished Creatures (others)
  2 bushes
  50 fungi
  85 plants
137 creatures vanquished.

Grand Total: 654 creatures vanquished

Notes
Turn   | Place    | Note
-------+----------+-------------------------------------------
     0 | D:1      | LustLizard the Deep Elf Air Elementalist began the quest
                  | for the Orb.
     0 | D:1      | Reached XP level 1. HP: 10/10 MP: 6/6
   303 | D:1      | Reached XP level 2. HP: 15/15 MP: 4/8
   597 | D:1      | Found a faded altar of an unknown god.
  1333 | D:2      | Learned a level 2 spell: Static Discharge
  1492 | D:2      | Found Vesecs's Antique Weapon Emporium.
  1529 | D:2      | Reached XP level 3. HP: 19/19 MP: 0/9
  1806 | D:2      | Identified the +3 leather armour of Supple Strength {rElec
                  | rC+ Will+ Dex+2}
  1850 | D:2      | Learned a level 3 spell: Swiftness
  2041 | D:2      | Found a shadowy altar of Dithmenos.
  2508 | D:3      | Noticed Terence
  2526 | D:3      | Killed Terence
  2527 | D:3      | Reached XP level 4. HP: 20/24 MP: 1/11
  2594 | D:3      | Noticed Ijyb
  3474 | D:4      | Noticed Edmund
  3476 | D:4      | Reached XP level 5. HP: 28/28 MP: 13/13
  3804 | D:4      | Found Gided's Mayhem Merchandise.
  3934 | D:4      | Found an opulent altar of Gozag.
  4003 | D:4      | Identified the +1 cloak of Failure {Rampage rElec Will+}
  4089 | D:4      | Noticed Natasha
  4094 | D:4      | Killed Natasha
  4385 | D:4      | Found a staircase to the Ecumenical Temple.
  4406 | Temple   | Entered the Ecumenical Temple
  4655 | Temple   | Became a worshipper of Vehumet
  5192 | D:5      | Entered Level 5 of the Dungeon
  5278 | D:5      | Noticed an ogre
  5283 | D:5      | Killed an ogre
  5284 | D:5      | Reached skill level 1 in Evocations
  5284 | D:5      | Reached XP level 6. HP: 32/32 MP: 14/14
  5395 | D:5      | Reached skill level 5 in Air Magic
  5486 | D:5      | Noticed Duvessa
  5629 | D:5      | Reached XP level 7. HP: 37/37 MP: 16/16
  5792 | D:5      | Reached skill level 1 in Fighting
  6070 | D:5      | Reached skill level 5 in Spellcasting
  6071 | D:5      | Reached * piety under Vehumet
  6071 | D:5      | Offered knowledge of Freeze by Vehumet.
  6179 | D:5      | Reached skill level 5 in Conjurations
  6270 | D:5      | Found a runed translucent door.
  6271 | D:5      | Noticed JKime's ghost (weakling GrGl)
  6288 | D:5      | Learned a level 1 spell: Freeze
  6415 | D:5      | Noticed Blork the orc
  6420 | D:5      | Killed Blork the orc
  6705 | D:6      | Reached XP level 8. HP: 43/43 MP: 17/17
  6844 | D:6      | Reached skill level 1 in Ice Magic
  7221 | D:6      | Reached ** piety under Vehumet
  7272 | D:6      | Offered knowledge of Scorch by Vehumet.
  7436 | D:6      | Found a blossoming altar of Fedhas.
  7877 | D:3      | Killed Ijyb
  8268 | D:4      | Killed Edmund
  8466 | D:4      | Noticed Natasha
  8470 | D:4      | Killed Natasha
  8927 | D:4      | Noticed Natasha
  8932 | D:4      | Killed Natasha
  9156 | D:5      | Found a snail-covered altar of Cheibriados.
  9209 | D:5      | Noticed Dowan
  9265 | D:5      | Killed Dowan
  9266 | D:5      | Killed Duvessa
  9661 | D:7      | Reached XP level 9. HP: 48/48 MP: 20/20
  9732 | D:7      | Learned a level 4 spell: Airstrike
  9874 | D:7      | Reached skill level 5 in Stealth
  9874 | D:7      | Reached skill level 5 in Evocations
 10284 | D:7      | Offered knowledge of Inner Flame by Vehumet.
 10285 | D:7      | Reached skill level 5 in Dodging
 10296 | D:7      | Learned a level 3 spell: Inner Flame
 10385 | D:7      | Found a hide-covered altar of Uskayaw.
 10488 | D:7      | Found a glowing silver altar of Zin.
 10502 | D:7      | Reached skill level 1 in Hexes
 10570 | D:7      | Reached skill level 1 in Fire Magic
 10737 | D:8      | Found a runed translucent gate.
 10738 | D:8      | Found a runed translucent gate.
 10738 | D:8      | Found an opulent altar of Gozag.
 10739 | D:8      | Found a runed translucent gate.
 10739 | D:8      | Found a hazy altar of Hepliaklqana.
 10741 | D:8      | Noticed a manticore
 10741 | D:8      | Noticed dufus's ghost (novice BaMo)
 10742 | D:8      | Noticed a deep elf pyromancer
 10742 | D:8      | Noticed a deep elf pyromancer
 10765 | D:8      | Reached *** piety under Vehumet
 10869 | D:8      | Noticed a troll
 10870 | D:8      | Noticed a troll
 10907 | D:8      | Offered knowledge of Sticky Flame by Vehumet.
 11191 | D:8      | Reached XP level 10. HP: 56/56 MP: 21/21
 11359 | D:8      | Noticed Joseph
 12193 | D:9      | Reached **** piety under Vehumet
 12370 | D:9      | Offered knowledge of Lee's Rapid Deconstruction by Vehumet.
 12383 | D:9      | Learned a level 5 spell: Lee's Rapid Deconstruction
 12425 | D:9      | Found a staircase to the Lair.
 12442 | D:9      | Reached skill level 1 in Earth Magic
 12987 | D:9      | Found a shimmering blue altar of Sif Muna.
 13130 | D:9      | You fall into a shaft and drop 2 floors!
 13138 | D:11     | Found a staircase to the Orcish Mines.
 13179 | D:10     | Entered Level 10 of the Dungeon
 13617 | D:9      | Found a sparkling altar of Nemelex Xobeh.
 13807 | D:5      | Killed JKime's ghost
 14088 | D:7      | Noticed a two-headed ogre
 15100 | D:8      | Reached skill level 5 in Earth Magic
 15277 | D:7      | Killed a two-headed ogre
 15278 | D:7      | Reached XP level 11. HP: 62/62 MP: 22/22
 15448 | D:8      | Killed Joseph
 15629 | D:10     | Reached skill level 5 in Fighting
 16146 | D:10     | Found a sacrificial altar of Ru.
 16207 | D:10     | Found a transporter.
 16212 | D:10     | Found a transporter.
 16214 | D:10     | Found a transporter.
 17055 | D:10     | Found a transporter.
 17123 | D:11     | Noticed a cyan ugly thing
 17126 | D:11     | HP: 3/64 [cloud of flame (18)]
 17138 | D:11     | Killed a cyan ugly thing
 17504 | D:11     | Noticed a two-headed ogre
 17519 | D:11     | Killed a two-headed ogre
 18004 | D:11     | Found Rarch's Armour Boutique.
 18403 | D:11     | Reached ***** piety under Vehumet
 18635 | D:12     | Noticed a deep elf pyromancer
 18636 | D:12     | Reached skill level 10 in Conjurations
 19148 | D:12     | Noticed Sonja
 19150 | D:12     | Killed Sonja
 19151 | D:12     | Reached XP level 12. HP: 71/71 MP: 20/23
 19572 | D:12     | Offered knowledge of Flame Wave by Vehumet.
 21382 | Lair:1   | Entered Level 1 of the Lair of Beasts
 22443 | Lair:1   | Found the +0 mask of the Dragon {Will+ Slay+3 SInv}
 22883 | Lair:2   | Noticed Erica
 22889 | Lair:2   | Killed Erica
 22890 | Lair:2   | Reached skill level 1 in Shields
 24594 | Lair:3   | Reached XP level 13. HP: 77/77 MP: 27/27
 25617 | Lair:3   | Learned a level 3 spell: Tukima's Dance
 25623 | Lair:3   | Reached skill level 10 in Dodging
 25910 | Lair:3   | Found a hole to the Spider Nest.
 26246 | Lair:3   | Reached skill level 10 in Earth Magic
 26376 | Lair:3   | Found a staircase to the Shoals.
 28325 | Lair:4   | Reached skill level 5 in Hexes
 29205 | Lair:5   | Entered Level 5 of the Lair of Beasts
 29999 | Lair:4   | Reached skill level 5 in Shields
 30218 | Lair:5   | Noticed Rupert
 30917 | Lair:5   | Noticed Snorg
 30921 | Lair:5   | Killed Snorg
 31373 | Lair:5   | Reached XP level 14. HP: 84/84 MP: 29/29
 31654 | Lair:5   | Learned a level 5 spell: Irradiate
 31851 | Lair:5   | Found a staircase to the Slime Pits.
 31983 | Lair:4   | Reached skill level 10 in Spellcasting
 32217 | Lair:5   | Reached skill level 1 in Transmutations
 32869 | Lair:5   | Killed Rupert
 34387 | Lair:5   | Slain by a death yak

Illustrated notes

Levels and vault maps discovered:
D:1:      evilmike_arrival_hilbert_curve, layout_basic, basic_ecumenical_altar,
          minmay_pentomino_z4
D:2:      layout_basic, basic_altar, serial_shops, nicolae_shop_hallway_plus,
          minmay_tiny_reverse_x
D:3:      layout_loops_cross, uniq_ijyb, uniq_terence
D:4:      layout_basic, mainiacjoe_overflow_catwalk,
          minmay_temple_entry_poolview, minmay_strange_pillars,
          minmay_curled_crystal, minmay_shop_mayhem, uniq_edmund, uniq_natasha
D:5:      layout_loops_ring, marbit_many_paths, hellmonk_ghost_happy_afterlife,
          uniq_blork_the_orc, uniq_duvessa
D:6:      layout_basic, kennysheep_mini, minmay_crystal_water
D:7:      cheibrodos_barr_body, layout_loops_cross,
          mainiacjoe_overflow_catwalk_spiral
D:8:      wad_woods_minihive, layout_loops_ring, mainiacjoe_overflow_brackets,
          ebering_ghost_gozag, uniq_joseph
D:9:      layout_irregular_city, mainiacjoe_overflow_big_doors, lair_entry_dummy
D:10:     layout_stronghold, nicolae_ru_sacrificial_ziggurat,
          nicolae_diode_intersection
D:11:     layout_long_grid, orc_0_dummy, serial_shops, nicolae_stop_n_shop_2
D:12:     layout_loops_ring, einodemon_barbed_minivault, uniq_sonja
Temple:   oiseaux_autumnal_temple
Lair:1:   layout_chaotic_city, beast_lair_carwin_8
Lair:2:   layout_chaotic_city, infiniplex_staircase_pool, serial_bayou_shore_a,
          grunt_megastairs_3, uniq_erica
Lair:3:   layout_cave_pods, minmay_shoals_entry_lonely_mermaid,
          spider_nest_entry_funnel_web, serial_bayou_shore_b
Lair:4:   layout_loops_ring
Lair:5:   evilmike_catoblepas_cave, layout_regular_city,
          nicolae_slime_entry_slimehenge, minmay_stone_trees_medium,
          eino_house_with_fridge, uniq_snorg, uniq_rupert

Skill      XL: |  1  2  3  4  5  6  7  8  9 10 11 12 13 14 |
---------------+-------------------------------------------+-----
Conjurations   | 2 3 4 5 6 7 8 10 | 10.5
Air Magic      | 4 5 6 7 8 |  8.2
Spellcasting   | 4 5 6 8 9 10 | 10.5
Evocations     | 1 2 3 4 6 7 8 |  8.0
Dodging        | 3 4 5 7 8 9 10 11 | 11.1
Stealth        | 3 4 6 |  6.0
Fighting       | 1 2 3 4 6 7 8 |  8.6
Ice Magic      | 1 2 |  2.2
Hexes          | 3 4 5 |  5.8
Fire Magic     | 3 4 |  4.0
Earth Magic    | 5 9 10 11 | 11.7
Shields        | 2 5 6 |  6.0
Transmutations | 3 |  3.9

Action                     |  1- 3 |  4- 6 |  7- 9 | 10-12 | 13-15 || total
---------------------------+-------+-------+-------+-------+-------++-------
  Melee: Short sword       |       |       |     2 |    18 |   129 ||   149
  Throw: Throwing net      |       |       |       |     1 |       ||     1
   Cast: Shock             |    85 |    98 |   263 |    79 |     1 ||   526
         Static Discharge  |     2 |    13 |    94 |    61 |     1 ||   171
         Freeze            |       |       |    11 |       |       ||    11
         Swiftness         |       |       |     1 |     5 |     2 ||     8
         Airstrike         |       |       |     1 |   289 |   402 ||   692
         Lee's Rapid Decon |       |       |       |    59 |    46 ||   105
         Inner Flame       |       |       |       |     7 |     1 ||     8
  Evoke: Wand              |     1 |       |       |     3 |       ||     4
         Box of beasts     |       |       |       |     1 |       ||     1
    Use: Scroll            |     1 |     5 |     1 |     7 |     7 ||    21
         Potion            |       |       |     4 |     4 |     1 ||     9
   Stab: Sleeping          |       |       |       |     1 |       ||     1
 Armour: Robe              |     2 |       |       |       |       ||     2
         Leather armour    |     1 |     7 |    35 |    40 |    32 ||   115
  Dodge: Dodged            |     1 |    14 |    76 |   185 |   188 ||   464
  Block: Buckler           |       |       |       |    12 |    78 ||    90

Table legend: (Time is in decaauts)
 A = Elapsed time spent in this place.
 B = Non-inter-level travel time spent in this place.
 C = Inter-level travel time spent in this place.
 D = Time resting spent in this place.
 E = Time spent auto-exploring this place.
 F = Levels seen in this place.
 G = Mean time per level.
                   A        B        C        D        E       F      G
               +--------+--------+--------+--------+--------+-----+--------+
         Total |  34403 |  31378 |   3025 |   6624 |  20104 |  18 | 1911.3 |
       Dungeon |  21401 |  19075 |   2326 |   3398 |  12616 |  12 | 1783.4 |
        Temple |    275 |    248 |     27 |      0 |    233 |   1 |  275.0 |
          Lair |  12726 |  12055 |    671 |   3226 |   7254 |   5 | 2545.2 |
               +--------+--------+--------+--------+--------+-----+--------+

Top non-repeatable levels by time:
  Lair:5: 3684 daAuts
  Lair:4: 3256 daAuts
  Lair:3: 2731 daAuts
     D:7: 2573 daAuts
    D:11: 2320 daAuts
     D:4: 2273 daAuts
    D:12: 1961 daAuts
  Lair:2: 1881 daAuts
     D:8: 1772 daAuts
     D:5: 1711 daAuts
     D:9: 1681 daAuts
    D:10: 1629 daAuts
     D:6: 1465 daAuts
     D:3: 1457 daAuts
     D:1: 1385 daAuts
